 Dungeon Crawl Stone Soup version 0.32-a0-314-g526f7d4993 (webtiles) character file.

Game seed: 4078716897420030590

44 demibob the Chopper (level 3, -1/31 HPs)
             Began as a Mountain Dwarf Fighter on Feb 16, 2024.
             Slain by an orc priest
             ... wielding a +0 hand axe
              (3 damage)
             ... on level 2 of the Dungeon.
             The game lasted 00:00:51 (872 turns).

demibob the Chopper (Mountain Dwarf Fighter)         Turns: 872, Time: 00:00:51

Health: -1/31      AC:  6    Str: 20    XL:     3   Next: 41%
Magic:  3/3        EV:  9    Int:  8    God:
Gold:   37         SH:  0    Dex:  9    Spells: 2/2 levels left

rFire   . . .        a - +0 war axe
rCold   . . .        (no shield)
rNeg    . . .        b - +0 scale mail
rPois   .            (no helmet)
rElec   .            (no cloak)
rCorr   .            (no gloves)
SInv    .            (no boots)
Will    .....        (no amulet) Stlth
                     (no ring)
HPRegen 0.25/turn    (no ring)
MPRegen 0.08/turn

%: no passive effects
@: no status effects
A: runic magic, artefact enchanting
a: Convert to Beogh


You were on level 2 of the Dungeon.
You visited 1 branch of the dungeon, and saw 2 of its levels.

You collected 37 gold pieces.


Innate Abilities, Weirdness & Mutations

Your spellcasting is much less encumbered by armour.
You can use scrolls of enchantment on lesser artefacts.


   Skills:
 - Level 3.2 Fighting
 + Level 4.7 Axes
 - Level 3.2 Armour
 - Level 3.2 Shields


You had 2 spell levels left.
You didn't know any spells.
Your spell library contained the following spells:

 Spells                   Type           Power      Damage    Failure   Level
 Volatile Blastmotes      Fire/Tloc      0%         2d10      86%         3
 Fulminant Prism          Conj/Alch      0%         3d5       99%         4
 Iskenderun's Mystic Bla  Conj/Tloc      0%         2d3       99%         4

Inventory:

Hand Weapons
 a - a +0 war axe (weapon)
Armour
 b - a +0 scale mail (worn)
Scrolls
 c - 2 scrolls of amnesia
Potions
 d - a potion of might
 e - a potion of enlightenment

Dungeon Overview and Level Annotations

Branches:
Dungeon (2/15)

Altars:

.. #. #. #
#####.## ##..
#......###.)..
##...........
...$..)o..#####
......S@.......
##.####.######.
#....<.#
...........#
#####..#####
#.. #... ####


You could see an orc priest and an adder.


Message History

The orc barely misses you.
The orc priest casts a cantrip, but nothing happens.
Unknown command.
You slash the orc!
You kill the orc!
You hit the orc.
You kill the orc!
You completely miss the orc priest. The orc priest misses you.
Unknown command.
You hit the orc priest but do no damage.
The orc priest hits you but does no damage.
The adder bites you.
Unknown command.
You barely miss the orc priest. You barely miss the adder.
The orc priest hits you with a +0 hand axe.
The adder closely misses you.
The orc priest hits you with a +0 hand axe.
The adder barely misses you.
Unknown command.
You hit the orc priest but do no damage.
You closely miss the adder. The adder bites you but does no damage.
The orc priest calls down the wrath of Beogh upon you.
Beogh smites you!
* * * LOW HITPOINT WARNING * * *
Unknown command.
You slash the orc priest!
The orc priest is severely wounded.
You completely miss the adder. The adder closely misses you.
The orc priest hits you with a +0 hand axe.
You die...

Skill      XL: |  1  2 |
---------------+-------+-----
Axes           | 3 4 |  4.7
Fighting       | |  3.2
Armour         | |  3.2
Shields        | |  3.2

Action                     || total
---------------------------++-------
  Melee: War axe           ||    59
    Use: Scroll            ||     2
 Armour: Scale mail        ||    49
  Dodge: Dodged            ||    34

Levels and vault maps discovered:
D:1:      roderic_octagonal_star, layout_basic,
          dreamdust_ecumenical_altar_angels_and_demons, roderic_serpentine_path,
          corexii_corridor_pit, minmay_split_cup_small
D:2:      layout_rooms, uniq_natasha

Notes
Turn   | Place    | Note
-------+----------+-------------------------------------------
     0 | D:1      | demibob the Mountain Dwarf Fighter began the quest for the
                  | Orb.
     0 | D:1      | Reached XP level 1. HP: 19/19 MP: 1/1
    52 | D:1      | Reached skill level 3 in Axes
   102 | D:1      | Reached XP level 2. HP: 23/26 MP: 2/2
   163 | D:1      | Reached skill level 4 in Axes
   477 | D:1      | Reached XP level 3. HP: 22/31 MP: 3/3
   645 | D:1      | Found a faded altar of an unknown god.
   871 | D:2      | HP: 2/31 [orc priest/divine providence (14)]
   872 | D:2      | Slain by an orc priest

Vanquished Creatures
  2 dart slugs (D:1)
  2 orcs (D:2)
  A bat (D:1)
  An endoplasm (D:1)
  2 goblins (D:1)
  3 hobgoblins (D:1)
  A quokka (D:1)
  4 ball pythons (D:1)
  A frilled lizard (D:1)
  2 kobolds (D:1)
  3 rats (D:1)
22 creatures vanquished.

Table legend: (Time is in decaauts)
 A = Elapsed time spent in this place.
 B = Non-inter-level travel time spent in this place.
 C = Inter-level travel time spent in this place.
 D = Time resting spent in this place.
 E = Time spent auto-exploring this place.
 F = Levels seen in this place.
 G = Mean time per level.
                   A        B        C        D        E       F      G
               +--------+--------+--------+--------+--------+-----+--------+
         Total |    889 |    862 |     27 |      0 |    720 |   2 |  444.5 |
       Dungeon |    889 |    862 |     27 |      0 |    720 |   2 |  444.5 |
               +--------+--------+--------+--------+--------+-----+--------+

Top non-repeatable levels by time:
     D:1: 875 daAuts
     D:2: 14 daAuts

Table legend:
 A = Non-vault XP
 B = Vault XP
 C = Vault XP percentage of total XP
 D = Non-vault monster count
 E = Vault monster count
 F = Vault count percentage of total count
                 A         B        C        D         E       F
            +---------+---------+-------+---------+---------+-------
      Total |      55 |       9 |  14.1 |      19 |       3 |  13.6
            +---------+---------+-------+---------+---------+-------
        D:1 |      47 |       9 |  16.1 |      17 |       3 |  15.0
        D:2 |       8 |       0 |   0.0 |       2 |       0 |   0.0
            +---------+---------+-------+---------+---------+-------
